 Dungeon Crawl Stone Soup version 0.19.1-1-g22dce08 (webtiles) character file.

157 graki42 the Arsonist (level 5, 1/28 HPs)
             Began as a Deep Elf Fire Elementalist on Jan 12, 2017.
             Quit the game on level 2 of the Dungeon.
             The game lasted 00:03:55 (900 turns).

graki42 the Arsonist (Deep Elf Fire Elementalist)    Turns: 900, Time: 00:03:56

Health: 1/28       AC:  3    Str:  4 (6)  XL:     5   Next: 15%
Magic:  1/12       EV: 13    Int: 19 (20) God:
Gold:   67         SH:  0    Dex: 14 (15) Spells: 1 memorised, 10 levels left

rFire  . . .     SeeInvis .     (no weapon)
rCold  . . .     Gourm    .     a - +0 robe
rNeg   . . .     Faith    .     (no shield)
rPois  .         Spirit   .     (no helmet)
rElec  .         Reflect  .     (no cloak)
rCorr  .         Harm     .     j - +0 pair of gloves
MR     .....                    (no boots)
Stlth  ++........               (no amulet)
                                (no ring)
                                (no ring)

@: flying
A: no striking features
a: no special abilities


You were on level 2 of the Dungeon.
You were not hungry.

You visited 1 branch of the dungeon, and saw 2 of its levels.

You collected 67 gold pieces.

Inventory:

Missiles
 d - 3 curare-tipped needles
Armour
 a - a +0 robe (worn)
 j - a +0 pair of gloves (worn)
Jewellery
 i - an uncursed ring of ice
Scrolls
 l - a scroll of fear {unknown}
 m - a scroll of immolation {unknown}
 n - a scroll of enchant weapon {unknown}
Potions
 e - a potion of flight
Books
 b - a book of Flames

   Spells                             Type                      Level
   a - Flame Tongue                   Conjuration/Fire             1
   b - Throw Flame                    Conjuration/Fire             2
   c - Conjure Flame                  Conjuration/Fire             3
   d - Inner Flame                    Hexes/Fire                   3
   e - Sticky Flame                   Conjuration/Fire             4
   f - Fireball                       Conjuration/Fire             5
Comestibles
 c - a bread ration
 f - a beef jerky
 o - 2 fruits


   Skills:
 + Level 2.8 Dodging
 + Level 2.7 Stealth
 + Level 3.7 Spellcasting
 + Level 8.9 Conjurations
 + Level 10.0 Fire Magic


You had 10 spell levels left.
You knew the following spells:

 Your Spells              Type           Power        Failure   Level  Hunger
a - Flame Tongue          Conj/Fire      #####        1%          1    None


Dungeon Overview and Level Annotations

Branches:
Dungeon (2/15)

Altars:

Annotations:
D:2 Robin


Message History

The goblin barely misses you.
Robin roars a battlecry!
A goblin and a hobgoblin come into view.
It was a potion of flight.
You feel very buoyant.
You fly up into the air.
The hobgoblin moves out of view.
The worm bites you!
* * * LOW HITPOINT WARNING * * *
The goblin hits you with a club.
* * * LOW HITPOINT WARNING * * *
Okay, then.
As you read the scroll labeled PUSKAI GIOJ, it crumbles to dust.
It is a scroll of amnesia.
Forget which spell ([?*] list [ESC] exit)?
Forget which spell ([?*] list [ESC] exit)?
Okay, then.
Robin roars a battlecry!
The goblin closely misses you. The goblin barely misses you.
The worm bites you.
* * * LOW HITPOINT WARNING * * *
Are you sure you want to abandon this character and quit the game? (Confirm with "yes".)

#..#####ggg
#..#)$!#..# g#
#..#![$#S.##)#
#..#[!!#.....#
#..#####..##.#
.
#.[....?..##g#
######....
#.........##g#
#...w....#
######.####.#
#w####.#..
#.......###@#
#...g.gg)ggg#
#...#########
#.#
#.........#
#.# #
#.#.#####.#
#.# # #.#.#
#.# # #.#.#
#.# #.#.# #.#
#.#.#
#######.#


You could see a worm, Robin, 2 hobgoblins and 3 goblins.

Vanquished Creatures
  Ijyb (D:2)
  2 adders (D:2)
  A worm (D:2)
  A dart slug (D:1)
  A leopard gecko (D:1)
  2 giant cockroaches
  4 goblins
  4 hobgoblins
  4 jackals (D:2)
  4 bats (D:1)
  2 kobolds
  2 rats
28 creatures vanquished.

Notes
Turn   | Place    | Note
-------+----------+-------------------------------------------
     0 | D:1      | graki42 the Deep Elf Fire Elementalist began the quest for the Orb.
     0 | D:1      | Reached XP level 1. HP: 10/10 MP: 6/6
   276 | D:1      | Reached XP level 2. HP: 15/15 MP: 4/8
   598 | D:2      | Reached skill level 4 in Fire Magic
   685 | D:2      | Reached XP level 3. HP: 8/19 MP: 0/9
   867 | D:2      | Noticed Ijyb
   876 | D:2      | Killed Ijyb
   879 | D:2      | Reached XP level 4. HP: 15/24 MP: 2/11
   892 | D:2      | Noticed Robin
   897 | D:2      | Reached skill level 10 in Fire Magic
   897 | D:2      | Reached XP level 5. HP: 14/28 MP: 1/12
   899 | D:2      | HP: 1/28 [worm (3)]
   900 | D:2      | Quit the game

Skill      XL: |  1  2  3  4 |
---------------+-------------+-----
Fire Magic     | 4 10 | 10.0
Conjurations   | 8 |  8.9
Dodging        | |  2.8
Stealth        | |  2.7
Spellcasting   | |  3.7

Action                   |  1- 3 |  4- 6 || total
-------------------------+-------+-------++-------
Melee: Unarmed           |       |     5 ||     5
 Cast: Flame Tongue      |    48 |     4 ||    52
  Use: Potion            |       |     3 ||     3
       Scroll            |       |     1 ||     1
Armor: Robe              |     5 |     1 ||     6
Dodge: Dodged            |    12 |     8 ||    20
